 Dungeon Crawl Stone Soup version 0.27.1 (webtiles) character file.

Game seed: 995478257505635560

121 sombersunday the Cudgeller (level 4, -2/41 HPs)
             Began as a Minotaur Berserker on Aug 25, 2021.
             Was a Believer of Trog.
             Slain by a gnoll (12 damage)
             ... on level 3 of the Dungeon on Aug 28, 2021.
             The game lasted 00:18:54 (2374 turns).

sombersunday the Cudgeller (Minotaur Berserker)     Turns: 2374, Time: 00:18:55

Health: -2/41      AC:  7    Str: 23    XL:     4   Next: 76%
Magic:  3/3        EV: 10    Int:  4    God:    Trog [**....]
Gold:   93         SH:  0    Dex:  9    Spells: 3/3 levels left

rFire    . . .     SeeInvis .   a - +0 mace
rCold    . . .     Faith    .   (no shield)
rNeg     . . .     Spirit   .   k - +0 scale mail
rPois    .         Reflect  .   (helmet restricted)
rElec    .         Harm     .   (no cloak)
rCorr    .         Rampage  .   r - +0 pair of gloves
Will     .....                  (no boots)
Stlth    ..........             (no amulet)
HPRegen  0.13/turn              (no ring)
MPRegen  0.08/turn              (no ring)

@: on berserk cooldown, slowed, very slow
A: horns 2, retaliatory headbutt
a: Renounce Religion, Berserk, Trog's Hand


You were on level 3 of the Dungeon.
You worshipped Trog.
Trog was pleased with you.
You visited 1 branch of the dungeon, and saw 3 of its levels.

You collected 119 gold pieces.
You spent 26 gold pieces at shops.

Inventory:

Hand Weapons
 a - a +0 mace (weapon)
 b - a +0 trident
 e - a +0 whip
 s - a +0 hunting sling
 w - a +0 hand axe
Missiles
 d - 34 sling bullets
 f - 34 stones (quivered)
Armour
 k - a +0 scale mail (worn)
 r - a +0 pair of gloves (worn)
 x - a +0 scale mail
Scrolls
 c - a scroll of holy word {unknown}
 h - a scroll of immolation {unknown}
 l - a scroll of brand weapon {unknown}
 p - a scroll of blinking {unknown}
 q - a scroll of fog {unknown}
 t - a scroll of identify {unknown}
 v - a scroll of summoning {unknown}
Potions
 g - a potion of mutation {unknown}
 i - a potion of attraction {unknown}
 n - 3 potions of curing {unknown}
 o - a potion of might {unknown}
 u - a potion of cancellation {unknown}


   Skills:
 + Level 4.6 Fighting
 + Level 5.1 Maces & Flails
 + Level 0.5 Slings
 + Level 3.1 Armour
 + Level 2.9 Dodging
 + Level 0.1 Stealth


You had 3 spell levels left.
You didn't know any spells.
Your spell library contained the following spells:

 Spells                   Type           Power      Damage    Failure   Level
 Animate Skeleton         Necr           0%         N/A       82%         1
 Corona                   Hex            0%         N/A       82%         1
 Pain                     Necr           0%         1d4       82%         1
 Ensorcelled Hibernation  Hex/Ice        0%         N/A       91%         2
 Tukima's Dance           Hex            0%         N/A       99%         3
 Vampiric Draining        Necr           0%         2d6       99%         3
 Passage of Golubria      Tloc           N/A        N/A       100%        4
 Yara's Violent Unravell  Hex/Tmut       0%         3d3       100%        5


Dungeon Overview and Level Annotations

Branches:
Dungeon (3/15)

Altars:
Cheibriados

Shops:
D:1 [


Innate Abilities, Weirdness & Mutations

You have a pair of horns on your head.
You reflexively headbutt those who attack you in melee.


Message History

Trog accepts your kill.
There is an open door here.
You see here a +0 dagger.
A gnoll comes into view. It is wielding a +0 halberd.
The gnoll shouts!
A gnoll comes into view. It is wielding a +0 spear.
The gnoll moves out of view.
There is an open door here.
You see here a +0 dagger.
A red film seems to cover your vision as you go berserk!
You feel yourself moving faster!
You feel mighty!
You feel a strong urge to attack something.
The gnoll hits you from afar with a +0 halberd.
You feel your anger nearly subside.
You are no longer berserk.
You are exhausted.
You feel yourself slow down. The gnoll hits you but does no damage.
The gnoll hits you from afar with a +0 halberd.
The gnoll hits you from afar with a +0 spear.
The gnoll barely misses you.
The gnoll hits you from afar with a +0 spear.
The gnoll hits you from afar with a +0 halberd.
The gnoll hits you with a +0 spear. The gnoll misses you.
You sock the gnoll!
You headbutt the gnoll, but do no damage.
The gnoll is heavily wounded.
The gnoll closely misses you. The gnoll barely misses you.
The gnoll hits you but does no damage. The gnoll barely misses you.
You thump the gnoll!
You kill the gnoll!
Trog accepts your kill. The gnoll closely misses you.
The gnoll hits you from afar with a +0 halberd!
* * * LOW HITPOINT WARNING * * *
The gnoll hits you but does no damage. The gnoll closely misses you.
There is an open door, spattered with blood here.
Things that are here:
a +0 spear; a +0 dagger; a gnoll corpse You hit the gnoll but do no damage.
The gnoll hits you with a +0 halberd!
You die...

#....... #.# #......
#.# #..... #.# #....
#.# ##... #.# #...# #.#
#...+ #.#
.##.#...###### #.#
#......g@....# #.#
.........####.#######.#
......#### #.........#
...... ###########
...... .(... .....


You could see a gnoll.

Vanquished Creatures
  An orc priest (D:3)
  2 adders (D:2)
  A gnoll (D:3)
  2 worms
  4 dart slugs
  3 orcs (D:3)
  2 endoplasms (D:1)
  2 giant cockroaches (D:2)
  4 hobgoblins
  6 quokkas
  2 ball pythons (D:1)
  4 bats
  4 goblins
  5 kobolds
  4 rats
46 creatures vanquished.

Notes
Turn   | Place    | Note
-------+----------+-------------------------------------------
     0 | D:1      | sombersunday the Minotaur Berserker began the quest for the
                  | Orb.
     0 | D:1      | Reached XP level 1. HP: 19/19 MP: 0/0
   240 | D:1      | Reached skill level 4 in Maces & Flails
   240 | D:1      | Reached XP level 2. HP: 23/27 MP: 1/1
   618 | D:1      | Found a faded altar of an unknown god.
   765 | D:1      | Found Foli's Armour Boutique.
   774 | D:1      | Bought a +0 leather armour for 26 gold pieces
  1119 | D:2      | Reached XP level 3. HP: 34/34 MP: 2/2
  1586 | D:2      | Reached ** piety under Trog
  1597 | D:2      | Found a snail-covered altar of Cheibriados.
  1823 | D:2      | Reached XP level 4. HP: 39/41 MP: 3/3
  2098 | D:3      | Reached skill level 5 in Maces & Flails
  2374 | D:3      | Slain by a gnoll

Illustrated notes

Levels and vault maps discovered:
D:1:      psy_arrival_spokes, layout_rooms, serial_shops, shop,
          serial_corexii_hall, chequers_hall_statues_wall_a,
          corexii_hall_statues_l, ebering_ecumenical_altar_rust, minivault_24,
          minmay_3d_cube
D:2:      layout_basic, basic_altar
D:3:      layout_basic

Skill      XL: |  1  2  3  4 |
---------------+-------------+-----
Fighting       | 4 |  4.6
Maces & Flails | 4 5 |  5.1
Armour         | 3 |  3.1
Slings         | |  0.5
Dodging        | |  2.9
Stealth        | |  0.1

Action                   |  1- 3 |  4- 6 || total
-------------------------+-------+-------++-------
Melee: Mace              |    89 |    21 ||   110
       Headbutt          |    17 |     4 ||    21
 Fire: Hunting sling     |     7 |       ||     7
Invok: Berserk           |     2 |     2 ||     4
Armor: Animal skin       |     8 |       ||     8
       Scale mail        |    22 |     9 ||    31
Dodge: Dodged            |    43 |    18 ||    61
